 Dungeon Crawl Stone Soup version 0.30-a0-3-gc9032a9cac (webtiles) character file.

Game seed: 15073766991717260249

875 BritishOli the Trooper (level 7, -6/56 HPs)
             Began as a Demonspawn Fighter on Aug 20, 2022.
             Succumbed to orange demon's concentrated venom
             ... on level 8 of the Dungeon.
             The game lasted 00:05:10 (5497 turns).

BritishOli the Trooper (Demonspawn Fighter)         Turns: 5497, Time: 00:05:11

Health: -6/56      AC: 12    Str: 18    XL:     7   Next: 74%
Magic:  7/7        EV:  9    Int:  9    God:
Gold:   150        SH:  5    Dex: 13    Spells: 6/6 levels left

rFire   . . .      SeeInvis .    r - +2 short sword (drain)
rCold   . . .      Faith    .    c - +0 buckler
rNeg    . . .      Spirit   .    b - +0 scale mail
rPois   .          Reflect  .    (no helmet)
rElec   .          Harm     .    (no cloak)
rCorr   +          Rampage  .    l - +0 pair of gloves
Will    .....                    (no boots)
Stlth   ..........               (no amulet)
HPRegen 0.18/turn                i - +4 ring of protection
MPRegen 0.10/turn                k - ring of resist corrosion

@: mighty, lethally poisoned (-6 -> -30), slowed, very slow
A: demonic guardian 2, ignite blood 1, weakness stinger 1
a: no special abilities


You were on level 8 of the Dungeon.
You visited 1 branch of the dungeon, and saw 8 of its levels.

You collected 150 gold pieces.

Inventory:

Hand Weapons
 r - a +2 short sword of draining (weapon)
Armour
 b - a +0 scale mail (worn)
 c - a +0 buckler (worn)
 l - a +0 pair of gloves (worn)
Jewellery
 i - a +4 ring of protection (left hand)
 k - a ring of resist corrosion (right hand)
Scrolls
 e - a scroll of noise {unknown}
 f - a scroll of enchant armour {unknown}
 j - a scroll of blinking {unknown}
 m - a scroll of fear {unknown}
 p - 3 scrolls of poison {unknown}
 s - a scroll of magic mapping {unknown}
 u - a scroll of vulnerability {unknown}
 w - a scroll of teleportation {unknown}
Potions
 a - a potion of haste {unknown}
 g - 2 potions of degeneration {unknown}
 h - 2 potions of curing {unknown}
 n - 2 potions of resistance {unknown}
 o - a potion of cancellation {unknown}
 q - a potion of brilliance {unknown}
 t - a potion of flight {unknown}
 v - a potion of heal wounds {unknown}


   Skills:
 + Level 5.3 Fighting
 + Level 4.2 Long Blades
 + Level 4.8 Armour
 + Level 4.8 Shields


You had 6 spell levels left.
You didn't know any spells.
Your spell library contained the following spells:

 Spells                   Type           Power      Damage    Failure   Level
 Sting                    Tmut/Pois      0%         1d3       85%         1
 Blink                    Tloc           0%         N/A       94%         2
 Ensorcelled Hibernation  Hex/Ice        0%         N/A       94%         2
 Passwall                 Tmut/Erth      0%         N/A       94%         2
 Poisonous Vapours        Pois/Air       0%         N/A       94%         2
 Ozocubu's Armour         Ice            0%         N/A       99%         3
 Swiftness                Air            0%         N/A       99%         3
 Olgreb's Toxic Radiance  Pois           0%         N/A       100%        4
 Manifold Assault         Tloc           0%         N/A       100%        5
 Ozocubu's Refrigeration  Ice            0%         4d7       100%        7
 Storm Form               Tmut/Air       0%         N/A       100%        7


Dungeon Overview and Level Annotations

Branches:
Dungeon (8/15)
 Temple: D:4-7         Lair: D:8-11

Altars:
Vehumet

Annotations:
D:3 1 runed translucent door, Descartes's ghost, amateur FoFi
D:4 2 transporters, Plasmagod's ghost, amateur HOFi
D:8 Amaemon


Innate Abilities, Weirdness & Mutations

A demonic guardian rushes to your aid.
Your demonic aura sometimes causes spilled blood to erupt in flames.
You have a small tail.


Message History

Amaemon is engulfed in blazing flames.
Amaemon hits you with a +1 demon whip of venom.
You are poisoned.
You block Amaemon's attack. Amaemon tail-slaps you.
You are more poisoned.
Amaemon poisons you! The orange demon closely misses you.
You hit Amaemon.
Amaemon is severely wounded.
You feel very sick.
Amaemon is engulfed in blazing flames.
Amaemon points at the orange demon and mumbles some strange words.
The orange demon seems to grow toxic.
The orange demon stings you from afar.
You are more poisoned.
You have difficulty breathing.
You feel yourself slow down.
You hit Amaemon.
Amaemon is almost dead.
You feel extremely sick.
Amaemon gestures wildly while chanting.
The orange demon stings you from afar.
Unknown command.
You closely miss Amaemon.
Amaemon is almost dead.
* * * LOW HITPOINT WARNING * * *
You feel extremely sick.
Amaemon hits you with a +1 demon whip of venom.
* * * LOW HITPOINT WARNING * * *
A demonic guardian appears!
Amaemon claws you but does no damage. You block Amaemon's attack.
The orange demon stings you but does no damage.
The scorpion stings you but does no damage.
Amaemon casts a spell.
The orange demon stings you from afar.
* * * LOW HITPOINT WARNING * * *
You are more poisoned.
You have difficulty breathing.
* * * LOW HITPOINT WARNING * * *
You feel as though you will be slow longer.
You hit Amaemon. You drain Amaemon.
Amaemon is almost dead.
You die...

#.#......##.#<....#
#..####.#.####.##.#.###.#
#.........# #......#
##.####.### #..###.#
#...# ##.# #.# #...# #.#
#.# ##.#...#### #>. ..##
#.........######...#.
...........4s@64s.....
.##........######...#.
#.#...#### #.. ...#...#
..# #...# .# #####


You could see Amaemon (very drained), an orange demon (curare), 2 scorpions and
a friendly orange demon (summoned).

Vanquished Creatures
  A water moccasin (D:5)
  2 ogres
  A centaur (D:5)
  3 scorpions
  An orc priest (D:5)
  An orc wizard (D:5)
  4 gnolls (D:5)
  6 adders
  A shadow imp (D:5)
  3 worms
  3 dart slugs
  11 orcs
  7 ball pythons
  4 bats
  3 endoplasms
  8 giant cockroaches
  A goblin (D:2)
  7 hobgoblins
  3 jackals (D:2)
  6 quokkas
  2 frilled lizards
  8 kobolds
  9 rats
95 creatures vanquished.

Vanquished Creatures (collateral kills)
  A phantom (D:4)
  4 orcs (D:5)
  A ball python (D:3)
  A hobgoblin (D:4)
7 creatures vanquished.

Grand Total: 102 creatures vanquished

Notes
Turn   | Place    | Note
-------+----------+-------------------------------------------
     0 | D:1      | BritishOli the Demonspawn Fighter began the quest for the
                  | Orb.
     0 | D:1      | Reached XP level 1. HP: 18/18 MP: 1/1
   120 | D:1      | Found a faded altar of an unknown god.
   331 | D:1      | Gained mutation: A weak demonic guardian rushes to your
                  | aid. [demonic ancestry]
   331 | D:1      | Reached XP level 2. HP: 24/24 MP: 2/2
  1058 | D:2      | Reached XP level 3. HP: 29/29 MP: 3/3
  1856 | D:3      | Reached XP level 4. HP: 35/35 MP: 4/4
  2344 | D:3      | Found a runed translucent door.
  2346 | D:3      | Noticed Descartes's ghost (amateur FoFi)
  3333 | D:4      | Noticed a phantom
  3348 | D:4      | Found a transporter.
  3367 | D:4      | Killed a phantom
  3368 | D:4      | Reached skill level 4 in Fighting
  3368 | D:4      | Gained mutation: Your demonic aura sometimes causes spilled
                  | blood to erupt in flames. [demonic ancestry]
  3368 | D:4      | Reached XP level 5. HP: 6/42 MP: 5/5
  3665 | D:4      | Noticed a steam dragon
  3667 | D:4      | Noticed Plasmagod's ghost (amateur HOFi)
  3776 | D:4      | Found a transporter.
  3877 | D:4      | Gained mutation: You have a small tail. [demonic ancestry]
  3877 | D:4      | Reached XP level 6. HP: 46/48 MP: 6/6
  4164 | D:5      | Entered Level 5 of the Dungeon
  4332 | D:5      | Noticed a water moccasin
  4349 | D:5      | Killed a water moccasin
  4350 | D:5      | Gained mutation: A demonic guardian rushes to your aid.
                  | [demonic ancestry]
  4350 | D:5      | Reached XP level 7. HP: 12/55 MP: 7/7
  4666 | D:5      | Reached skill level 5 in Fighting
  4727 | D:5      | Found a radiant altar of Vehumet.
  4863 | D:5      | Identified the +7 short sword "Killer Bee's Foe" {flame,
                  | Dex+5}
  5485 | D:8      | Noticed Amaemon
  5485 | D:8      | Noticed an orange demon
  5496 | D:8      | HP: 1/56 [asphyx]
  5497 | D:8      | Succumbed to orange demon's concentrated venom

Illustrated notes

Levels and vault maps discovered:
D:1:      minmay_arrival_three_doors, layout_loops_cross,
          ebering_ecumenical_altar_ruins
D:2:      minmay_chambers_of_ones, layout_basic, serial_curves, eino_curves_04,
          eino_curves_02
D:3:      layout_basic, ebering_ghost_sewer_d
D:4:      layout_gridville, gammafunk_ghost_arena, grunt_ministairs_12,
          kennysheep_small_circle
D:5:      layout_loops_ring, mainiacjoe_overflow_paths,
          mainiacjoe_overflow_concentric_impassable, gammafunk_ghost_smash,
          uniq_crazy_yiuf_cottage
D:6:      layout_basic, bloody_makhleb, kennysheep_mini_moat, st_stairs_7,
          interstate_on_off, minmay_misc_feat_chi
D:7:      statuecave_lemuel, layout_loops_corners,
          minmay_temple_entry_drinking_statues,
          gammafunk_ghost_wrathful_warriors, nicolae_titane
D:8:      layout_loops_ring, nzn_hepliaklqana_mist_gate, serial_nicolae_subway,
          nicolae_sub_station_crystal, nicolae_sub_station_metal,
          nicolae_sub_station_stone, uniq_amaemon, uniq_prince_ribbit1

Skill      XL: |  1  2  3  4  5  6  7 |
---------------+----------------------+-----
Long Blades    | 2 3 4 |  4.2
Shields        | 3 4 |  4.8
Armour         | 3 4 |  4.8
Fighting       | 4 5 |  5.3

Action                   |  1- 3 |  4- 6 |  7- 9 || total
-------------------------+-------+-------+-------++-------
Melee: Long sword        |   141 |    79 |       ||   220
       Short sword       |       |   123 |    57 ||   180
       Tailslap          |       |    10 |    12 ||    22
  Use: Potion            |       |       |     1 ||     1
Armor: Scale mail        |    82 |   101 |    57 ||   240
Dodge: Dodged            |    86 |    77 |    42 ||   205
Block: Buckler           |    43 |    48 |    21 ||   112

Table legend: (Time is in decaauts)
 A = Elapsed time spent in this place.
 B = Non-inter-level travel time spent in this place.
 C = Inter-level travel time spent in this place.
 D = Time resting spent in this place.
 E = Time spent auto-exploring this place.
 F = Levels seen in this place.
 G = Mean time per level.
                   A        B        C        D        E       F      G
               +--------+--------+--------+--------+--------+-----+--------+
         Total |   5573 |   5415 |    158 |    932 |   3637 |   8 |  696.6 |
       Dungeon |   5573 |   5415 |    158 |    932 |   3637 |   8 |  696.6 |
               +--------+--------+--------+--------+--------+-----+--------+

Top non-repeatable levels by time:
     D:3: 1451 daAuts
     D:2: 1125 daAuts
     D:5: 1060 daAuts
     D:4: 891 daAuts
     D:1: 769 daAuts
     D:6: 177 daAuts
     D:8: 94 daAuts
     D:7: 2 daAuts
